 Dungeon Crawl Stone Soup version 0.31-a0-179-g1846a1fd2d (webtiles) character file.

Game seed: 11205361039170354089

1381 qw the Chopper (level 8, -3/49 HPs)
             Began as a Gargoyle Fighter on June 18, 2023.
             Was a Follower of Okawaru.
             Slain by a +1 spectral quarterstaff (8 damage)
             ... created by Joseph
             ... on level 7 of the Dungeon.
             The game lasted 00:02:18 (5288 turns).

qw the Chopper (Gargoyle Fighter)                   Turns: 5288, Time: 00:02:19

Health: -3/49      AC: 24    Str: 22    XL:     8   Next: 67%
Magic:  9/11       EV:  8    Int:  9    God:    Okawaru [*.....]
Gold:   325        SH:  5    Dex:  9    Spells: 7/7 levels left

rFire   + . .        Y - +0 war axe
rCold   + . .        c - +0 buckler
rNeg    + . .        u - +0 plate armour
rPois   inf          (no helmet)
rElec   +            n - +0 cloak
rCorr   .            o - +0 pair of gloves
SInv    .            a - +0 pair of boots
Will    .....        (no amulet) Stlth
                     k - ring of protection from cold
HPRegen 0.28/turn    e - ring of protection from fire
MPRegen 0.12/turn

%: no passive effects
@: about to teleport, heroic
A: sickness immunity, AC +5, negative energy resistance 1, electricity
resistance, torment resistance 1, petrification resistance
a: Renounce Religion, Heroism


You were on level 7 of the Dungeon.
You worshipped Okawaru.
Okawaru was aware of your devotion.
You visited 1 branch of the dungeon, and saw 7 of its levels.

You collected 325 gold pieces.


Innate Abilities, Weirdness & Mutations

You are immune to sickness and miasma.
Your stone body is resilient. (AC +5)
You are immune to poison.
You resist negative energy. (rN+)
You are resistant to electric shocks. (rElec)
You are resistant to unholy torment.
You are immune to petrification.


   Skills:
 - Level 5.1(10.1) Fighting
 + Level 7.0(12.0) Axes
 - Level 5.3(10.3) Armour
 - Level 2.0(7.0) Dodging
 - Level 3.2(8.2) Shields
 - Level 4.1 Invocations


You had 7 spell levels left.
You didn't know any spells.
Your spell library was empty.

Inventory:

Hand Weapons
 s - a +0 flail
 Y - a +0 war axe (weapon)
Armour
 a - a +0 pair of boots (worn)
 c - a +0 buckler (worn)
 n - a +0 cloak (worn)
 o - a +0 pair of gloves (worn)
 u - a +0 plate armour (worn)
Jewellery
 e - a ring of protection from fire (right hand)
 k - a ring of protection from cold (left hand)
 r - a ring of resist corrosion
Scrolls
 m - a scroll of brand weapon {unknown}
 p - 2 scrolls of identify
Potions
 b - a potion of degeneration {unknown}
 d - a potion of might
 f - a potion of enlightenment
 g - a potion of cancellation
 h - a potion of resistance
 i - 2 potions of attraction
 j - a potion of curing
 l - 2 potions of mutation
 q - a potion of lignification

Dungeon Overview and Level Annotations

Branches:
Dungeon (7/15)             Temple (0/1) D:6

Altars:
Dithmenos
Okawaru
Qazlal
Trog

Shops:
D:6 (

Annotations:
D:7 Joseph


Message History

Enter note:
Enter note:
5279 ||| Stepping ~*~*~tactically~*~*~ (hiding).
You start waiting.
Joseph is nearby!
Joseph hits you with a +1 spectral quarterstaff!
You block the +1 spectral quarterstaff's attack.
A +1 spectral quarterstaff comes into view.
You slash Joseph!
Joseph is lightly wounded.
You miss the +1 spectral quarterstaff. Joseph hits you but does no damage.
The +1 spectral quarterstaff hits you but does no damage.
You closely miss Joseph.
Joseph is lightly wounded.
You hit the +1 spectral quarterstaff.
Joseph hits you with a +1 spectral quarterstaff.
The +1 spectral quarterstaff barely misses you.
You slash Joseph!
Joseph is moderately wounded.
You closely miss the +1 spectral quarterstaff.
Joseph hits you with a +1 spectral quarterstaff.
The +1 spectral quarterstaff completely misses you.
5286 ||| INVOKING Heroism.
You gain the combat prowess of a mighty hero.
The +1 spectral quarterstaff hits you. x2; Joseph hits you but does no damage.
The +1 spectral quarterstaff hits you. x2
You barely miss Joseph.
Joseph is moderately wounded.
You closely miss the +1 spectral quarterstaff.
Joseph hits you with a +1 spectral quarterstaff!
The +1 spectral quarterstaff hits you.
5288 ||| READING scroll of teleportation.
As you read the scroll of teleportation, it crumbles to dust.
You feel strangely unstable.
The +1 spectral quarterstaff hits you but does no damage. x2
Joseph hits you but does no damage.
The +1 spectral quarterstaff closely misses you.
The +1 spectral quarterstaff hits you!
You die...

################
#...............
#.##############
#########.#..#..........
......@(#.#..#.#......#.
#@#.#..#.#........
#.#.#..#.#........
#.#.#..#.#########
#.#....#.# #......
######.#....#.###.#####
.<......................
###########.######.#####
...............# #
###########.############


You could see Joseph and a +1 spectral quarterstaff.

Vanquished Creatures
  A sky beast (D:7)
  2 black bears (D:5)
  An ice beast (D:5)
  2 centaurs
  An ogre (D:6)
  A phantom (D:4)
  A bullfrog (D:6)
  A scorpion (D:5)
  3 wights (D:7)
  2 jellies
  An orc priest (D:7)
  A gnoll bouda (D:6)
  An iguana (D:5)
  A sleepcap (D:7)
  2 orc wizards
  6 gnolls (D:6)
  5 adders
  A shadow imp (D:5)
  An ufetubus (D:5)
  2 worms
  A dart slug (D:1)
  9 orcs
  4 bats
  6 endoplasms
  A giant cockroach (D:4)
  4 goblins
  10 hobgoblins
  3 jackals (D:1)
  2 kobolds
  4 quokkas
  A ball python (D:1)
  A frilled lizard (D:2)
  6 rats
88 creatures vanquished.

Notes
Turn   | Place    | Note
-------+----------+-------------------------------------------
     0 | D:1      | qw the Gargoyle Fighter began the quest for the Orb.
     0 | D:1      | Reached XP level 1. HP: 14/14 MP: 1/1
     0 | D:1      | 0 ||| qw: Version: 0.3-a-7-ge0c9b40
     0 | D:1      | 0 ||| qw: Game counter: 881
     0 | D:1      | 0 ||| qw: Always use a shield: true
     0 | D:1      | 0 ||| qw: God list: Okawaru
     0 | D:1      | 0 ||| qw: Allow faded altars: false
     0 | D:1      | 0 ||| qw: Do Orc after D:15 true
     0 | D:1      | 0 ||| qw: Do second Lair branch before Depths: true
     0 | D:1      | 0 ||| qw: Lair rune preference: random
     0 | D:1      | 0 ||| qw: Plans: Normal, Zot:1-4, Slime:5, God:TSO, Crypt,
                  | Tomb, Abyss, Pan, Hells, Win
     0 | D:1      | 0 ||| PLANNING D:1-11
    32 | D:1      | Reached skill level 2 in Axes
    35 | D:1      | Reached XP level 2. HP: 19/19 MP: 2/2
   114 | D:1      | 114 ||| Stepping ~*~*~tactically~*~*~ (stealth).
   172 | D:1      | 172 ||| FLEEEEING.
   173 | D:1      | 173 ||| FLEEEEING.
   174 | D:1      | 174 ||| FLEEEEING.
   175 | D:1      | 175 ||| FLEEEEING.
   176 | D:1      | 176 ||| FLEEEEING.
   177 | D:1      | 177 ||| FLEEEEING.
   178 | D:1      | 178 ||| FLEEEEING.
   179 | D:1      | 179 ||| FLEEEEING.
   180 | D:1      | 180 ||| FLEEEEING.
   181 | D:1      | 181 ||| FLEEEEING.
   182 | D:1      | 182 ||| FLEEEEING.
   270 | D:1      | Reached skill level 3 in Axes
   337 | D:1      | Reached XP level 3. HP: 23/23 MP: 3/3
   702 | D:1      | 702 ||| UPGRADING to +0 cloak.
   707 | D:1      | 707 ||| UPGRADING to ring of resist corrosion.
   708 | D:1      | 708 ||| READING scroll labelled TUKKESYESI.
   709 | D:1      | 709 ||| READING scroll labelled VUFUNK PEDDEB.
   710 | D:1      | 710 ||| READING scroll labelled UQOOSTR DEGGUB.
   873 | D:2      | Found a faded altar of an unknown god.
  1369 | D:2      | 1369 ||| UPGRADING to +0 pair of boots.
  1374 | D:2      | 1374 ||| UPGRADING to +0 pair of gloves.
  1379 | D:2      | 1379 ||| READING 2 scrolls labelled ONETIS DONI.
  1380 | D:2      | 1380 ||| READING scroll labelled RECAUNI YFOSCHU.
  1384 | D:2      | 1384 ||| READING scroll labelled NELENO LOMUAD.
  1385 | D:2      | 1385 ||| DRINKING 2 fuming amethyst potions.
  1386 | D:2      | 1386 ||| DROPPING scroll of fog.
  1556 | D:3      | Found an iron altar of Okawaru.
  1557 | D:3      | 1557 ||| PLANNING OKAWARU WORSHIP
  1601 | D:3      | 1601 ||| Stepping ~*~*~tactically~*~*~ (hiding).
  1611 | D:3      | Reached XP level 4. HP: 26/28 MP: 4/4
  1626 | D:3      | 1626 ||| Stepping ~*~*~tactically~*~*~ (stealth).
  1630 | D:3      | 1630 ||| Stepping ~*~*~tactically~*~*~ (stealth).
  1636 | D:3      | 1636 ||| FLEEEEING.
  1640 | D:3      | 1640 ||| FLEEEEING.
  1641 | D:3      | 1641 ||| FLEEEEING.
  1642 | D:3      | 1642 ||| FLEEEEING.
  1665 | D:3      | 1665 ||| Stepping ~*~*~tactically~*~*~ (stealth).
  1666 | D:3      | 1666 ||| Stepping ~*~*~tactically~*~*~ (stealth).
  1699 | D:3      | Reached skill level 4 in Axes
  1845 | D:3      | 1845 ||| DROPPING ring of magical power.
  1846 | D:3      | 1846 ||| READING scroll labelled RIMEESTRIAK.
  1847 | D:3      | 1847 ||| READING 3 scrolls of identify.
  1847 | D:3      | 1847 ||| IDENTIFYING glowing silvery potion
  1848 | D:3      | 1848 ||| READING 2 scrolls of identify.
  1848 | D:3      | 1848 ||| IDENTIFYING lumpy amethyst potion
  1857 | D:3      | Became a worshipper of Warmaster Okawaru
  1858 | D:3      | 1858 ||| PLANNING D:1-11
  2195 | D:3      | 2195 ||| UPGRADING to ring of protection from fire.
  2356 | D:4      | Found a shadowy altar of Dithmenos.
  2441 | D:4      | Noticed a phantom
  2458 | D:4      | Killed a phantom
  2459 | D:4      | Reached skill level 5 in Axes
  2459 | D:4      | Reached XP level 5. HP: 22/32 MP: 5/5
  2553 | D:4      | Noticed an air elemental
  2561 | D:4      | Noticed a fire elemental
  2563 | D:4      | Found a stormy altar of Qazlal.
  2566 | D:4      | Noticed a water elemental
  3092 | D:4      | 3092 ||| UPGRADING to ring of protection from cold.
  3094 | D:4      | 3094 ||| READING scroll labelled UNEAVILUEKU.
  3095 | D:4      | 3095 ||| READING scroll labelled DECESO MIEWN.
  3096 | D:4      | 3096 ||| READING 2 scrolls of identify.
  3096 | D:4      | 3096 ||| IDENTIFYING bubbling sapphire potion
  3117 | D:5      | Entered Level 5 of the Dungeon
  3295 | D:5      | Reached XP level 6. HP: 38/38 MP: 6/6
  3303 | D:5      | Found a bloodstained altar of Trog.
  3337 | D:5      | 3337 ||| FLEEEEING.
  3338 | D:5      | 3338 ||| FLEEEEING.
  3339 | D:5      | 3339 ||| FLEEEEING.
  3340 | D:5      | 3340 ||| FLEEEEING.
  3341 | D:5      | 3341 ||| FLEEEEING.
  3342 | D:5      | 3342 ||| FLEEEEING.
  3343 | D:5      | 3343 ||| FLEEEEING.
  3344 | D:5      | 3344 ||| FLEEEEING.
  3347 | D:5      | 3347 ||| FLEEEEING.
  3348 | D:5      | 3348 ||| FLEEEEING.
  3349 | D:5      | 3349 ||| FLEEEEING.
  3351 | D:5      | 3351 ||| Stepping ~*~*~tactically~*~*~ (hiding).
  3352 | D:5      | 3352 ||| Stepping ~*~*~tactically~*~*~ (hiding).
  3353 | D:5      | 3353 ||| Stepping ~*~*~tactically~*~*~ (hiding).
  3478 | D:5      | Noticed an ice beast
  3493 | D:5      | Killed an ice beast
  3493 | D:5      | Reached * piety under Okawaru
  3510 | D:5      | 3510 ||| Stepping ~*~*~tactically~*~*~ (hiding).
  3511 | D:5      | 3511 ||| Stepping ~*~*~tactically~*~*~ (hiding).
  3524 | D:5      | Reached skill level 1 in Invocations
  3524 | D:5      | Reached XP level 7. HP: 39/43 MP: 6/8
  3613 | D:5      | 3613 ||| INVOKING Heroism.
  3631 | D:5      | 3631 ||| Stepping ~*~*~tactically~*~*~ (stealth).
  3726 | D:5      | 3726 ||| INVOKING Heroism.
  3729 | D:5      | Reached skill level 6 in Axes
  4012 | D:5      | 4012 ||| DROPPING ring of flight.
  4013 | D:5      | 4013 ||| READING 2 scrolls of identify.
  4013 | D:5      | 4013 ||| IDENTIFYING golden potion
  4141 | D:6      | 4141 ||| Stepping ~*~*~tactically~*~*~ (hiding).
  4142 | D:6      | 4142 ||| INVOKING Heroism.
  4147 | D:6      | Reached skill level 3 in Invocations
  4149 | D:6      | HP: 8/43 [centaur/arrow (9)]
  4152 | D:6      | HP: 3/43 [gnoll/+0 club[a gnoll bouda] (6)]
  4157 | D:6      | 4157 ||| INVOKING Heroism.
  4160 | D:6      | Reached XP level 8. HP: 5/48 MP: 6/10
  4314 | D:6      | 4314 ||| DROPPING +0 whip.
  4334 | D:6      | Found Dimmic's Weapon Emporium.
  4511 | D:6      | 4511 ||| INVOKING Heroism.
  4610 | D:6      | 4610 ||| INVOKING Heroism.
  4617 | D:6      | Reached skill level 7 in Axes
  4751 | D:6      | Found a staircase to the Ecumenical Temple.
  4759 | D:6      | 4759 ||| UPGRADING to +0 plate armour.
  4769 | D:6      | 4769 ||| DROPPING +0 scale mail.
  4770 | D:6      | 4770 ||| READING scroll labelled DACKUGHULORR.
  4806 | D:6      | 4806 ||| READING scroll labelled XOROAMOVAOR.
  4807 | D:6      | 4807 ||| READING 3 scrolls of identify.
  4807 | D:6      | 4807 ||| IDENTIFYING puce potion
  4808 | D:6      | 4808 ||| READING 2 scrolls of identify.
  4808 | D:6      | 4808 ||| IDENTIFYING metallic coppery potion
  4839 | D:7      | 4839 ||| INVOKING Heroism.
  4868 | D:7      | 4868 ||| INVOKING Heroism.
  4979 | D:7      | 4979 ||| Stepping ~*~*~tactically~*~*~ (hiding).
  4980 | D:7      | 4980 ||| Stepping ~*~*~tactically~*~*~ (hiding).
  5278 | D:7      | Noticed Joseph
  5279 | D:7      | 5279 ||| Stepping ~*~*~tactically~*~*~ (hiding).
  5286 | D:7      | 5286 ||| INVOKING Heroism.
  5287 | D:7      | HP: 7/49 [Joseph/+1 spectral quarterstaff (10)]
  5288 | D:7      | 5288 ||| READING scroll of teleportation.
  5288 | D:7      | Slain by a +1 spectral quarterstaff

Levels and vault maps discovered:
D:1:      tekkud_arrival_beachfront_property, layout_basic, lemuel_flame_loot_1
D:2:      layout_loops_cross, basic_ecumenical_altar
D:3:      layout_loops_cross, mainiacjoe_overflow_paths, minmay_crystal_water
D:4:      layout_basic, nicolae_qazlal_style_of_elements,
          mainiacjoe_overflow_concentric_impassable
D:5:      layout_loops_corners, mainiacjoe_overflow_alcove_1
D:6:      layout_cave_pools, minmay_temple_entry_offerings, serial_shops,
          nicolae_shop_crystal, minmay_misc_feat_cross
D:7:      layout_basic, uniq_joseph

Skill      XL: |  1  2  3  4  5  6  7  8 |
---------------+-------------------------+-----
Axes           | 2 3 5 6 7 |  7.0
Fighting       | 4 5 |  5.1
Dodging        | 2 |  2.0
Invocations    | 1 3 4 |  4.1
Armour         | 5 |  5.3
Shields        | |  3.2

Action                     |  1- 3 |  4- 6 |  7- 9 || total
---------------------------+-------+-------+-------++-------
  Melee: War axe           |    80 |   112 |   114 ||   306
  Throw: Boomerang         |       |    42 |     2 ||    44
 Invoke: Heroism           |       |       |     9 ||     9
    Use: Scroll            |     6 |     6 |     6 ||    18
         Potion            |     1 |       |       ||     1
 Armour: Scale mail        |    26 |    77 |    56 ||   159
         Plate armour      |       |       |    24 ||    24
  Dodge: Dodged            |    38 |    55 |    52 ||   145
  Block: Buckler           |    13 |    12 |    21 ||    46

Table legend:
 A = Non-vault XP
 B = Vault XP
 C = Vault XP percentage of total XP
 D = Non-vault monster count
 E = Vault monster count
 F = Vault count percentage of total count
                 A         B        C        D         E       F
            +---------+---------+-------+---------+---------+-------
      Total |    1974 |       0 |   0.0 |      88 |       0 |   0.0
            +---------+---------+-------+---------+---------+-------
        D:1 |      41 |       0 |   0.0 |      21 |       0 |   0.0
        D:2 |      33 |       0 |   0.0 |      12 |       0 |   0.0
        D:3 |      82 |       0 |   0.0 |      16 |       0 |   0.0
        D:4 |     116 |       0 |   0.0 |       6 |       0 |   0.0
        D:5 |     679 |       0 |   0.0 |      12 |       0 |   0.0
        D:6 |     491 |       0 |   0.0 |      11 |       0 |   0.0
        D:7 |     532 |       0 |   0.0 |      10 |       0 |   0.0
            +---------+---------+-------+---------+---------+-------
